 Dungeon Crawl Stone Soup version 0.27-a0-1137-g3ef0f4ec91 (webtiles) character file.

Game seed: 11853305194880951910

7 Zeld the Skirmisher (level 2, 0/21 HPs)
             Began as an Octopode Fighter on May 6, 2021.
             Frozen to death by an endoplasm (2 damage)
             ... on level 1 of the Dungeon.
             The game lasted 00:01:07 (255 turns).

Zeld the Skirmisher (Octopode Fighter)               Turns: 255, Time: 00:01:08

Health: 0/21       AC:  1    Str: 15    XL:     2   Next: 0%
Magic:  2/2        EV: 11    Int: 10    God:
Gold:   15         SH:  8    Dex: 11    Spells: 1/1 levels left

rFire    . . .     SeeInvis .   a - +0 war axe
rCold    . . .     Faith    .   b - +0 kite shield
rNeg     . . .     Spirit   .   (helmet restricted)
rPois    .         Reflect  .   (no amulet)
rElec    .         Harm     .   (no ring)
rCorr    .         Rampage  .   (no ring)
Will     .....                  (no ring)
Stlth    ++........             (no ring)
HPRegen  0.07/turn              (no ring)
MPRegen  0.08/turn              (no ring)
                                (no ring)
                                (no ring)

@: no status effects
A: almost no armour, amphibious, 8 rings, camouflage 1, gelatinous body 1,
(nimble swimmer 1), tentacles
a: no special abilities


You were on level 1 of the Dungeon.
You visited 1 branch of the dungeon, and saw 1 of its levels.

You collected 15 gold pieces.

Inventory:

Hand Weapons
 a - a +0 war axe (weapon)
Armour
 b - a +0 kite shield (worn)
Scrolls
 d - a scroll of holy word {unknown}
Potions
 c - a potion of might


   Skills:
 * Level 3.1 Fighting
 * Level 2.2 Axes
 - Level 3.0 Dodging
 * Level 3.1 Shields


You had one spell level left.
You didn't know any spells.
Your spell library was empty.

Dungeon Overview and Level Annotations

Branches:
Dungeon (1/15)

Altars:


Innate Abilities, Weirdness & Mutations

You cannot wear most types of armour.
You are amphibious.
You can wear up to eight rings at the same time.
Your skin changes colour to match your surroundings (Stealth+).
Your rubbery body absorbs attacks. (AC +1, EV +1)
((You are camouflaged near water. (Stealth+)))
You have tentacles for arms and can constrict up to eight enemies at once.


Message History

The jackal is moderately wounded.
You hit the endoplasm. You hit the bat.
You kill the bat!
You closely miss the bat. The bat barely misses you. x2
You block the jackal's attack. The bat hits you but does no damage.
The jackal barely misses you. The bat completely misses you.
The endoplasm barely misses you.
A frilled lizard comes into view.
The jackal bites you but does no damage.
The bat barely misses you. The endoplasm freezes you.
You are frozen.
The bat hits you. The jackal bites you. You block the jackal's attack.
The jackal bites you. You block the jackal's attack.
The jackal barely misses you. The jackal bites you.
* * * LOW HITPOINT WARNING * * *
You block the endoplasm's attack.
Press: ? - help, v - describe, . - travel
Here: an endoplasm (severely wounded)
The floor.
Unknown command.
A hobgoblin comes into view.
You see here a rat corpse.
The hobgoblin barely misses you. You block the bat's attack.
The hobgoblin hits you.
* * * LOW HITPOINT WARNING * * *
You block the bat's attack. The bat closely misses you.
Found 2 sedimented red potions.
The bat hits you but does no damage.
You slash the bat!
You kill the bat!
You have reached level 2!
You closely miss the hobgoblin. Your grab misses the hobgoblin.
The hobgoblin closely misses you. The hobgoblin hits you.
* * * LOW HITPOINT WARNING * * *
The endoplasm freezes you.
You are frozen.
You die...

.. .# ≈.. ... ###
#.##.. . #@### #.... .#
#Jg.#### #..# ...
#.S#hB.####..##.##
.....h.....h†......##
!......##...##......#.
.........#.###....#....
.......>.#.# #.##.##.#.
...........# #S##..#.#
.!.......#####.###...##


You could see an endoplasm, 3 jackals, a giant cockroach, a hobgoblin and a ball
python.

Vanquished Creatures
  2 bats (D:1)
  A giant cockroach (D:1)
  2 kobolds (D:1)
  A goblin (D:1)
  A rat (D:1)
7 creatures vanquished.

Notes
Turn   | Place    | Note
-------+----------+-------------------------------------------
     0 | D:1      | Zeld the Octopode Fighter began the quest for the Orb.
     0 | D:1      | Reached XP level 1. HP: 16/16 MP: 1/1
   255 | D:1      | Reached XP level 2. HP: 5/21 MP: 2/2
   255 | D:1      | Frozen to death by an endoplasm

Illustrated notes

Levels and vault maps discovered:
D:1:      lemuel_arrival_muddy, layout_rooms,
          shapermc_ecumenical_altar_hornbeckon, minmay_misc_feat_enclosed,
          nrook_uturn, chequers_serial_rivers_large_a, minmay_misc_feat_rows

Action                   || total
-------------------------++-------
Melee: War axe           ||     9
       Constrict         ||     2
       Tentacles         ||     1
 Stab: Sleeping          ||     1
Armor: Skin              ||     4
Dodge: Dodged            ||    13
Block: Kite shield       ||     8

Table legend: (Time is in decaauts)
 A = Elapsed time spent in this place.
 B = Non-inter-level travel time spent in this place.
 C = Inter-level travel time spent in this place.
 D = Time resting spent in this place.
 E = Time spent auto-exploring this place.
 F = Levels seen in this place.
 G = Mean time per level.
                   A        B        C        D        E       F      G
               +--------+--------+--------+--------+--------+-----+--------+
         Total |    260 |    260 |      0 |      0 |    196 |   1 |  260.0 |
       Dungeon |    260 |    260 |      0 |      0 |    196 |   1 |  260.0 |
               +--------+--------+--------+--------+--------+-----+--------+

Top non-repeatable levels by time:
     D:1: 260 daAuts
